 Dungeon Crawl Stone Soup version 0.30-a0-953-g5f1da4a474 (webtiles) character file.

Game seed: 12399458677578460979

59 retardedninja the Conjurer (level 3, -1/19 HPs)
             Began as a Deep Elf Conjurer on Mar 28, 2023.
             Slain by a gnoll
             ... wielding a +0 spear
              (4 damage)
             ... on level 2 of the Dungeon.
             The game lasted 00:02:28 (1870 turns).

retardedninja the Conjurer (Deep Elf Conjurer)      Turns: 1870, Time: 00:02:28

Health: -1/19      AC:  3    Str:  4    XL:     3   Next: 78%
Magic:  8/10       EV: 13    Int: 24    God:
Gold:   91         SH:  0    Dex: 13    Spells: 8/9 levels left

rFire   . . .      SeeInvis .    (no weapon)
rCold   . . .      Faith    .    (no shield)
rNeg    . . .      Spirit   .    h - +0 robe
rPois   .          Reflect  .    f - +0 helmet
rElec   .          Rampage  .    (no cloak)
rCorr   .                        (no gloves)
Will    .....                    (no boots)
Stlth   ++                       (no amulet)
HPRegen 0.23/turn                (no ring)
MPRegen 0.12/turn                (no ring)

@: mighty, flying
A: no striking features
a: no special abilities


You were on level 2 of the Dungeon.
You visited 1 branch of the dungeon, and saw 3 of its levels.

You collected 91 gold pieces.

Inventory:

Armour
 f - a +0 helmet (worn)
 h - a +0 robe (worn)
Scrolls
 c - 2 scrolls of identify {unknown}
 d - 2 scrolls of enchant armour {unknown}
 g - a scroll of poison {unknown}
Potions
 b - a potion of magic
 i - a potion of berserk rage {unknown}


   Skills:
 + Level 3.3 Dodging
 + Level 3.4 Stealth
 + Level 3.8 Spellcasting
 + Level 4.8 Conjurations


You had 8 spell levels left.
You knew the following spells:

 Your Spells              Type           Power      Damage    Failure   Level
a - Magic Dart            Conj           100%       1d8       1%          1

Your spell library contained the following spells:

 Spells                   Type           Power      Damage    Failure   Level
 Searing Ray              Conj           54%        2d6       1%          2
 Dazzling Flash           Conj/Hex       32%        N/A       11%         3
 Fulminant Prism          Conj/Hex       8%         3d7       36%         4
 Iskenderun's Mystic Bla  Conj/Tloc      16%        2d5       36%         4


Dungeon Overview and Level Annotations

Branches:
Dungeon (3/15)

Altars:


Message History

You kill the hobgoblin!
You can't see any susceptible monsters within range! (Use Z to cast anyway.)
You can't see any susceptible monsters within range! (Use Z to cast anyway.)
You can't see any susceptible monsters within range! (Use Z to cast anyway.)
You see here a hobgoblin corpse.
Done exploring.
Done exploring.
Done exploring.
Done exploring.
There is a stone staircase leading down here.
You climb downwards.
The gnoll shouts! x3
Found 6 gold pieces.
There is a stone staircase leading up here.
There are monsters nearby!
The magic dart hits the gnoll but does no damage.
The gnoll hits you but does no damage. The gnoll misses you.
The gnoll barely misses you.
The magic dart hits the gnoll.
The gnoll is heavily wounded.
The gnoll hits you with a +0 spear. The gnoll hits you with a +0 club.
The gnoll closely misses you.
You are too injured to fight recklessly!
You are too injured to fight recklessly!
You are too injured to fight recklessly!
The gnoll hits you with a +0 spear!
* * * LOW HITPOINT WARNING * * *
The gnoll hits you with a +0 club.
* * * LOW HITPOINT WARNING * * *
The gnoll barely misses you.
You climb upwards.
There is a stone staircase leading down here.
It was a potion of flight.
You feel very buoyant.
You fly up into the air.
The gnoll barely misses you. The gnoll closely misses you.
The gnoll barely misses you.
It was a potion of might.
You feel very mighty all of a sudden. The gnoll completely misses you.
The gnoll hits you with a +0 spear.
You die...

#.##.##.#### #.##.##.#
#######....##.#
#...........#.####
#.#####..##.......
######.#####..####.##.#
#.....g............##.#
#.####g####.#.#######.#
#.# #@# #.#.# #.#
#.####g# #.#.# #.#
#.##(..# #.#.# #.#
#.##.### #...# #..
#.##.# #.### ##. #.##.#
#.# #####. #.##.#
#.######...#.
#.##.######..........#.
#....................#.


You could see 3 gnolls.

Vanquished Creatures
  2 adders (D:2)
  4 endoplasms
  3 giant cockroaches
  7 goblins
  2 hobgoblins (D:2)
  5 jackals (D:1)
  A kobold (D:2)
  2 quokkas
  5 ball pythons
  A bat (D:2)
  2 frilled lizards
  2 rats (D:1)
36 creatures vanquished.

Notes
Turn   | Place    | Note
-------+----------+-------------------------------------------
     0 | D:1      | retardedninja the Deep Elf Conjurer began the quest for the
                  | Orb.
     0 | D:1      | Reached XP level 1. HP: 10/10 MP: 6/6
   147 | D:1      | Reached XP level 2. HP: 15/15 MP: 0/8
   856 | D:2      | Reached XP level 3. HP: 19/19 MP: 6/10
  1497 | D:2      | Found a faded altar of an unknown god.
  1870 | D:2      | Slain by a gnoll

Illustrated notes

Levels and vault maps discovered:
D:1:      tarquinn_simple_flora_water_a, layout_basic, nicolae_eternal_life,
          minmay_misc_feat_nine_boxes
D:2:      layout_loops_ring, dreamdust_ecumenical_altar_sealed_demon
D:3:      layout_loops_corners, lemuel_tele_altar, minivault_19,
          minmay_gold_behind_fungi

Skill      XL: |  1  2 |
---------------+-------+-----
Stealth        | 3 |  3.4
Dodging        | 3 |  3.3
Spellcasting   | |  3.8
Conjurations   | |  4.8

Action                     || total
---------------------------++-------
  Melee: Unarmed           ||     5
   Cast: Magic Dart        ||    69
    Use: Potion            ||     2
 Armour: Robe              ||     6
  Dodge: Dodged            ||    23

Table legend: (Time is in decaauts)
 A = Elapsed time spent in this place.
 B = Non-inter-level travel time spent in this place.
 C = Inter-level travel time spent in this place.
 D = Time resting spent in this place.
 E = Time spent auto-exploring this place.
 F = Levels seen in this place.
 G = Mean time per level.
                   A        B        C        D        E       F      G
               +--------+--------+--------+--------+--------+-----+--------+
         Total |   1870 |   1806 |     64 |    155 |   1481 |   3 |  623.3 |
       Dungeon |   1870 |   1806 |     64 |    155 |   1481 |   3 |  623.3 |
               +--------+--------+--------+--------+--------+-----+--------+

Top non-repeatable levels by time:
     D:2: 1058 daAuts
     D:1: 808 daAuts
     D:3: 3 daAuts
